 Dungeon Crawl Stone Soup version 0.25.0-9-g26727b657a (webtiles) character file.

Game seed: 5175984220636638026

823 MisterFreud the Agent of Entropy (level 7, -1/33 HPs)
             Began as a Felid Abyssal Knight on June 20, 2020.
             Was a Priest of Lugonu.
             Slain by Blork the orc
             ... wielding a +5 flail of draining
              (2 damage)
             ... on level 6 of the Dungeon.
             The game lasted 00:17:49 (9714 turns).

MisterFreud the Agent of Entropy (FeAK)             Turns: 9714, Time: 00:17:49

Health: -1/33      AC:  2    Str:  8    XL:     7   Next: 64%
Magic:  13/13      EV: 20    Int: 13    God:    Lugonu [***...]
Gold:   147        SH:  0    Dex: 18    Spells: 6/6 levels left
                                        Lives:  0   Deaths: 2

rFire    . . .     SeeInvis +     - Unarmed
rCold    . . .     Gourm    .   (shield unavailable)
rNeg     . . .     Faith    .   (armour unavailable)
rPois    .         Spirit   .   (helmet unavailable)
rElec    .         Reflect  .   (cloak unavailable)
rCorr    .         Harm     .   (gloves unavailable)
MR       +....                  (boots unavailable)
Stlth    +++.......             c - amulet of the acrobat
HPRegen  0.11/turn              (no ring)
MPRegen  0.13/turn              (no ring)

@: heavily drained, quick
A: very small, no armour, no weapons or thrown items, stealth, claws 1, fangs 3,
see invisible, carnivore, speed 1, shaggy fur 2, slow metabolism 1, sharp paws
a: Depart the Abyss, Bend Space, Banish, Renounce Religion


You were on level 6 of the Dungeon.
You worshipped Lugonu.
Lugonu was most pleased with you.
You were not hungry.

You visited 1 branch of the dungeon, and saw 6 of its levels.
You visited the Abyss 1 time.

You collected 147 gold pieces.

Inventory:

Jewellery
 c - an amulet of the acrobat (around neck)
Wands
 b - a wand of random effects (17)
 s - a wand of digging (6)
Scrolls
 e - a scroll of fog {unknown}
 f - 4 scrolls of remove curse
 h - a scroll of random uselessness {unknown}
 i - 2 scrolls of amnesia {unknown}
 j - 2 scrolls of blinking {unknown}
 l - 2 scrolls of fear {unknown}
 m - 2 scrolls of immolation {unknown}
 o - 2 scrolls of enchant weapon {unknown}
 p - a scroll of teleportation {unknown}
 q - a scroll of magic mapping {unknown}
 t - a scroll of identify
Potions
 d - 2 potions of magic
 g - a potion of ambrosia
 k - a potion of brilliance {unknown}
 n - 2 potions of flight
 r - a potion of stabbing
Comestibles
 a - 8 rations


   Skills:
 - Level 5.0(3.7) Fighting
 - Level 6.0(4.7) Dodging
 - Level 5.0(3.7) Stealth
 - Level 5.0(3.7) Unarmed Combat
 + Level 7.6(6.2) Invocations


You had 6 spell levels left.
You didn't know any spells.
Your spell library was empty.

Dungeon Overview and Level Annotations

Branches:
Dungeon (6/15)             Temple (0/1) D:6

Altars:
Cheibriados
Dithmenos

Annotations:
D:3 exclusion: downstairs
D:6 Blork the orc


Innate Abilities, Weirdness & Mutations

You cannot wear armour.
You are incapable of wielding weapons or throwing items.
Your paws allow you to move quietly. (Stealth)
You have sharp claws.
You have razor-sharp teeth.
You have supernaturally acute eyesight. (SInv)
You are carnivorous and can eat meat at any time.
You cover ground quickly.
You are covered in thick fur. (AC +2)
You have a slow metabolism.
Your sharp claws are effective at attacking unaware monsters.


Message History

Blork the orc completely misses you.
You claw Blork the orc!
Blork the orc is heavily wounded.
Blork the orc hits you with a +5 flail of draining.
You feel drained.
You closely miss Blork the orc.
Blork the orc is heavily wounded.
Blork the orc hits you with a +5 flail of draining!
You feel drained.
* * * LOW HITPOINT WARNING * * *
You scratch Blork the orc but do no damage.
Your bite misses Blork the orc.
Blork the orc is heavily wounded.
Press: ? - help, Shift-Dir - straight line, f - Blork the orc
Aim: Blork the orc, wielding a +5 flail of draining and wearing a +0 robe (heavily wounded, chance to defeat MR: 84%)
You fail to use your ability.
Blork the orc hits you with a +5 flail of draining!
* * * LOW HITPOINT WARNING * * *
You feel drained.
You die...

#.## ##...........#
#.....#
##.###.##########.#
#.#####
.##.#.#...........# #)#
..##..#.########..# #.#
.####.#.# #..# #.#
........# #..# #.#
#####.#.###### #..# #.#
#.#......# #o.###.###
#.#.####.###@.......######
#.#.# #.................#
#...# #####.####.#.####.#
##### #.# #....# #.#
################.# ###..#
#.# .................#
##.# #.#
################## #.# #.#
#.# #.# #.# #.#


You could see Blork the orc.

Vanquished Creatures
  Menkaure (D:5)
  An ice beast (D:6)
  A phantom (D:5)
  An ogre (D:5)
  A sky beast (D:5)
  3 centaurs
  A bullfrog (D:6)
  2 crimson imps (D:6)
  A centaur zombie (D:6)
  3 hounds
  2 orc priests
  An iguana (D:5)
  5 orc wizards
  5 worker ants
  A worker ant zombie (D:5)
  Robin (D:2)
  3 howler monkey skeletons
  6 adders
  2 oozes
  An adder skeleton (D:4)
  2 worms (D:2)
  A dart slug (D:2)
  7 leopard geckos
  27 orcs
  5 giant cockroaches
  13 goblins
  9 hobgoblins
  6 jackals
  A quokka (D:5)
  6 bats
  4 frilled lizards
  A jackal skeleton (D:5)
  7 kobolds
  A leopard gecko skeleton (D:4)
  8 rats
140 creatures vanquished.

Vanquished Creatures (others)
  An orc warrior (D:6)
  An orc priest (D:6)
2 creatures vanquished.

Grand Total: 142 creatures vanquished

Notes
Turn   | Place    | Note
-------+----------+-------------------------------------------
     0 | Abyss:1  | MisterFreud the Felid Abyssal Knight began the quest for
                  | the Orb.
     0 | Abyss:1  | Reached XP level 1. HP: 10/10 MP: 3/3
    28 | D:1      | Escaped the Abyss
   205 | D:1      | Reached XP level 2. HP: 10/15 MP: 4/4
   995 | D:2      | Reached ** piety under Lugonu
  1020 | D:2      | Reached XP level 3. HP: 13/18 MP: 5/5
  1655 | D:2      | Found a snail-covered altar of Cheibriados.
  1882 | D:2      | Noticed Robin
  1906 | D:2      | Killed Robin
  1911 | D:2      | Reached XP level 4. HP: 18/22 MP: 6/6
  1949 | D:2      | Reached skill level 5 in Fighting
  3710 | D:3      | Found a shadowy altar of Dithmenos.
  4078 | D:4      | Reached *** piety under Lugonu
  4104 | D:4      | Reached skill level 5 in Dodging
  4104 | D:4      | Reached XP level 5. HP: 18/26 MP: 7/7
  4637 | D:4      | Reached skill level 1 in Stealth
  4955 | D:4      | Gained mutation: You are covered in thick fur. (AC +2)
                  | [Felid growth]
  4955 | D:4      | Reached XP level 6. HP: 12/30 MP: 8/8
  5558 | D:5      | Entered Level 5 of the Dungeon
  5853 | D:5      | Noticed Menkaure
  6737 | D:5      | Reached XP level 7. HP: 33/33 MP: 9/9
  6758 | D:5      | Slain by Menkaure
  6759 | D:5      | Reached XP level 6. HP: -5/30 MP: 8/8
  6792 | D:5      | Killed Menkaure
  6792 | D:5      | Reached skill level 5 in Stealth
  7092 | D:5      | Noticed a sky beast
  7100 | D:5      | Killed a sky beast
  7100 | D:5      | Reached skill level 5 in Unarmed Combat
  7100 | D:5      | Reached skill level 2 in Invocations
  7100 | D:5      | Reached XP level 7. HP: 33/33 MP: 8/10
  7199 | D:5      | Reached skill level 3 in Invocations
  7498 | D:5      | Reached skill level 4 in Invocations
  7798 | D:5      | Reached skill level 5 in Invocations
  7931 | D:6      | Found a staircase to the Ecumenical Temple.
  8369 | D:6      | Reached **** piety under Lugonu
  8473 | D:6      | Reached skill level 6 in Invocations
  8473 | D:6      | Reached XP level 8. HP: 20/37 MP: 13/13
  8782 | D:6      | Noticed Blork the orc
  8813 | D:6      | HP: 1/37 [Blork the orc/+5 flail of draining (11)]
  8813 | D:6      | Slain by Blork the orc
  8814 | D:6      | Reached XP level 7. HP: -2/33 MP: 12/12
  8943 | D:6      | Reached skill level 7 in Invocations
  9714 | D:6      | HP: 1/33 [Blork the orc/+5 flail of draining (8)]
  9714 | D:6      | Slain by Blork the orc

Illustrated notes

Levels and vault maps discovered:
D:1:      psy_arrival_terrarium, layout_rooms
D:2:      layout_loops_ring, lemuel_crystal_altar, serial_forest,
          infiniplex_forest_clump_tiny, infiniplex_forest_end_3,
          infiniplex_forest_zigzag_1, infiniplex_forest_lined_ring,
          infiniplex_forest_straight_5, infiniplex_forest_clump_double,
          infiniplex_forest_clump_small, uniq_robin
D:3:      layout_loops_ring, lemuel_crystal_altar, tgw_sif,
          portal_sewer_entry_d, hex_tiny
D:4:      layout_loops_cross, first_ration, kennysheep_generic_room_3
D:5:      layout_rooms, corexii_leaking_fountain, uniq_menkaure
D:6:      layout_loops_ring, minmay_temple_entry_proselytizer,
          uniq_blork_the_orc

Skill      XL: |  1  2  3  4  5  6  7 |
---------------+----------------------+-----
Fighting       | 4 5 |  5.0
Dodging        | 5 6 |  6.0
Stealth        | 2 5 |  5.0
Unarmed Combat | 5 |  5.0
Invocations    | 2 7 |  7.6

Action                   |  1- 3 |  4- 6 |  7- 9 || total
-------------------------+-------+-------+-------++-------
Melee: Unarmed           |   153 |   373 |   220 ||   746
       Bite              |    17 |    36 |    20 ||    73
       Punch             |     1 |     5 |     1 ||     7
Invok: Banish            |       |       |     2 ||     2
Evoke: Wand              |       |       |     4 ||     4
  Use: Potion            |     2 |     4 |     2 ||     8
       Scroll            |       |     3 |     1 ||     4
 Stab: Sleeping          |     5 |     8 |     2 ||    15
  Eat: Chunk             |     9 |    13 |     9 ||    31
Armor: Skin              |     8 |     8 |    10 ||    26
Dodge: Dodged            |   143 |   295 |   177 ||   615
